 Dungeon Crawl Stone Soup version 0.27-a0-1559-g299f9947c5 (webtiles) character file.

Game seed: 17753064671152762448

35 Conn the Firebug (level 3, 0/21 HPs)
             Began as an Octopode Fire Elementalist on July 16, 2021.
             Slain by a ball python (1 damage)
             ... on level 2 of the Dungeon.
             The game lasted 00:02:28 (1616 turns).

Conn the Firebug (Octopode Fire Elementalist)       Turns: 1616, Time: 00:02:28

Health: 0/21       AC:  1    Str:  7    XL:     3   Next: 33%
Magic:  6/6        EV: 13    Int: 18    God:
Gold:   100        SH:  0    Dex: 12    Spells: 5/6 levels left

rFire    . . .     SeeInvis .   a - +0 dagger
rCold    . . .     Faith    .   (no shield)
rNeg     . . .     Spirit   .   (helmet restricted)
rPois    .         Reflect  .   (no amulet)
rElec    .         Harm     .   (no ring)
rCorr    .         Rampage  .   (no ring)
Will     .....                  (no ring)
Stlth    +++.......             (no ring)
HPRegen  0.07/turn              (no ring)
MPRegen  0.10/turn              (no ring)
                                (no ring)
                                (no ring)

@: no status effects
A: almost no armour, amphibious, 8 rings, camouflage 1, gelatinous body 1,
(nimble swimmer 1), tentacles
a: no special abilities


You were on level 2 of the Dungeon.
You visited 1 branch of the dungeon, and saw 2 of its levels.

You collected 100 gold pieces.

Inventory:

Hand Weapons
 a - a +0 dagger (weapon)
Scrolls
 d - a scroll of noise {unknown}
Potions
 b - a potion of berserk rage {unknown}
 c - a potion of heal wounds {unknown}
 e - 2 potions of curing {unknown}


   Skills:
 + Level 0.3 Short Blades
 + Level 2.3 Dodging
 + Level 2.7 Stealth
 + Level 2.4 Spellcasting
 * Level 1.4 Conjurations
 * Level 3.4 Fire Magic


You had 5 spell levels left.
You knew the following spells:

 Your Spells              Type           Power      Damage    Failure   Level
a - Foxfire               Conj/Fire      40%        2x1d6     6%          1

Your spell library contained the following spells:

 Spells                   Type           Power      Damage    Failure   Level
 Conjure Flame            Conj/Fire      10%        6-21      19%         3
 Inner Flame              Hex/Fire       8%         N/A       26%         3
 Sticky Flame             Conj/Fire      10%        2d3       54%         4
 Fireball                 Conj/Fire      5%         3d5       87%         5


Dungeon Overview and Level Annotations

Branches:
Dungeon (2/15)

Altars:

Annotations:
D:2 Crazy Yiuf


Innate Abilities, Weirdness & Mutations

You cannot wear most types of armour.
You are amphibious.
You can wear up to eight rings at the same time.
Your skin changes colour to match your surroundings (Stealth+).
Your rubbery body absorbs attacks. (AC +1, EV +1)
((You are camouflaged near water. (Stealth+)))
You have tentacles for arms and can constrict up to eight enemies at once.


Message History

Crazy Yiuf hits you with a +4 quarterstaff of chaos!
Crazy Yiuf draws strength from your wounds!
You constrict Crazy Yiuf.
The foxfire hits Crazy Yiuf but does no damage.
Crazy Yiuf is moderately wounded.
The foxfire hits Crazy Yiuf but does no damage.
Crazy Yiuf is moderately wounded.
Crazy Yiuf screams, "Defame!
Liver illywillydillykilly poople."
Crazy Yiuf hits you with a +4 quarterstaff of chaos!
* * * LOW HITPOINT WARNING * * *
You release your grip on Crazy Yiuf.
Crazy Yiuf yells, "Announcement sow tea!"
Crazy Yiuf says, "Crazy?
Crazy!?
PORCUPINE!"
Crazy Yiuf cries, "Defame!"
Crazy Yiuf yells, "Peeping!"
Crazy Yiuf laughs, "Peeping disdain ladder!"
You see here a +0 leather armour.
Crazy Yiuf says, "Liver shoe fast!"
A hobgoblin comes into view.
The hobgoblin moves out of view.
You see here a +0 leather armour.
Crazy Yiuf whimpers, "Tosser!"
You see here a +0 leather armour.
Crazy Yiuf cries, "Snurf!
East agre mobile."
Crazy Yiuf cries, "You leg down broken song, no?"
A ball python and a goblin come into view.
A worm comes into view.
There is an open door here.
The goblin shouts!
The goblin unwields a +0 club.
The goblin wields a +0 hunting sling.
The goblin shoots a stone.
The stone hits you.
* * * LOW HITPOINT WARNING * * *
Crazy Yiuf screams, "Snower snockshim light!"
The ball python bites you.
* * * LOW HITPOINT WARNING * * *
The ball python barely misses you. The ball python bites you.
* * * LOW HITPOINT WARNING * * *
The ball python closely misses you. The ball python bites you.
You die...

#...##.)#.).....
#..g'.####......
#)..### ##).#.. ###
#####. ##. #.[
#################..
###.#....#...#.......
#...@g...#...#.......
#.#.#Sg..............
#.#.#........#.##.##.
..#............#.......
..'..w.........####.##.
..###..#'##............
#................#.
#.....#.......#.......
#.#...#.##.#..#.##.##.


You could see Crazy Yiuf, a worm, a goblin and a ball python.

Vanquished Creatures
  2 worms (D:2)
  A dart slug (D:1)
  A bat (D:1)
  6 endoplasms
  A giant cockroach (D:1)
  A goblin (D:2)
  A hobgoblin (D:2)
  A quokka (D:1)
  5 ball pythons (D:1)
  2 frilled lizards
  2 kobolds (D:1)
  A rat (D:2)
24 creatures vanquished.

Vanquished Creatures (others)
  86 foxfires
86 creatures vanquished.

Grand Total: 110 creatures vanquished

Notes
Turn   | Place    | Note
-------+----------+-------------------------------------------
     0 | D:1      | Conn the Octopode Fire Elementalist began the quest for the
                  | Orb.
     0 | D:1      | Reached XP level 1. HP: 11/11 MP: 3/3
   493 | D:1      | Reached XP level 2. HP: 17/17 MP: 0/5
  1190 | D:2      | Reached XP level 3. HP: 21/21 MP: 2/6
  1526 | D:2      | Found a runed translucent door.
  1527 | D:2      | Noticed Crazy Yiuf
  1616 | D:2      | HP: 1/21 [ball python (2)]
  1616 | D:2      | Slain by a ball python

Illustrated notes

Levels and vault maps discovered:
D:1:      dpeg_arrival_chambers_temple_mockup, layout_loops_cross
D:2:      layout_basic, basic_altar, uniq_crazy_yiuf_cottage

Action                   || total
-------------------------++-------
Melee: Dagger            ||     7
       Constrict         ||     4
       Tentacles         ||     2
 Cast: Foxfire           ||    51
 Stab: Sleeping          ||     1
Armor: Skin              ||     1
Dodge: Dodged            ||    14

Table legend: (Time is in decaauts)
 A = Elapsed time spent in this place.
 B = Non-inter-level travel time spent in this place.
 C = Inter-level travel time spent in this place.
 D = Time resting spent in this place.
 E = Time spent auto-exploring this place.
 F = Levels seen in this place.
 G = Mean time per level.
                   A        B        C        D        E       F      G
               +--------+--------+--------+--------+--------+-----+--------+
         Total |   1614 |   1573 |     41 |     33 |   1252 |   2 |  807.0 |
       Dungeon |   1614 |   1573 |     41 |     33 |   1252 |   2 |  807.0 |
               +--------+--------+--------+--------+--------+-----+--------+

Top non-repeatable levels by time:
     D:1: 1180 daAuts
     D:2: 434 daAuts
